 Dungeon Crawl Stone Soup version 0.32-a0-42-ga30500b4d3 (webtiles) character file.

Game seed: 6711646481138564611

105 Atlas the Digger (level 4, -1/30 HPs)
             Began as a Demonspawn Earth Elementalist on Jan 31, 2024.
             Slain by an ufetubus (4 damage)
             ... on level 3 of the Dungeon.
             The game lasted 00:02:44 (2322 turns).

Atlas the Digger (Demonspawn Earth Elementalist)    Turns: 2322, Time: 00:02:45

Health: -1/30      AC:  2    Str:  8    XL:     4   Next: 54%
Magic:  6/8        EV: 12    Int: 17    God:
Gold:   102        SH:  0    Dex: 14    Spells: 2/9 levels left

rFire   + . .        o - staff of conjuration
rCold   . . .        (no shield)
rNeg    . . .        a - +0 robe
rPois   .            (no helmet)
rElec   .            (no cloak)
rCorr   .            (no gloves)
SInv    .            (no boots)
Will    +....        (no amulet)
Stlth   ++           g - ring of protection from fire
HPRegen 0.25/turn    q - ring of flight
MPRegen 0.11/turn

%: no passive effects
@: enlightened, flying
A: powered by pain 2
a: no special abilities


You were on level 3 of the Dungeon.
You visited 1 branch of the dungeon, and saw 3 of its levels.

You collected 102 gold pieces.

Inventory:

Armour
 a - a +0 robe (worn)
Magical Staves
 o - a staff of conjuration (weapon)
Jewellery
 g - a ring of protection from fire (left hand)
 m - an amulet of guardian spirit
 q - a ring of flight (right hand)
Scrolls
 c - a scroll of immolation {unknown}
 e - a scroll of enchant weapon {unknown}
 h - a scroll of enchant armour {unknown}
 j - a scroll of revelation {unknown}
 n - 3 scrolls of identify {unknown}
 p - a scroll of fear {unknown}
 r - a scroll of blinking {unknown}
Potions
 b - a potion of magic
 f - a potion of heal wounds {unknown}
 i - a potion of haste {unknown}
 k - a potion of mutation {unknown}
 l - a potion of curing


   Skills:
 + Level 0.2 Short Blades
 + Level 0.3 Polearms
 + Level 2.2 Dodging
 + Level 2.2 Stealth
 + Level 3.0 Spellcasting
 + Level 1.0 Conjurations
 + Level 3.6 Earth Magic


You had 2 spell levels left.
You knew the following spells:

 Your Spells              Type           Power      Damage    Failure   Level
a - Sandblast             Erth           30%        2d9       3%          1
b - Passwall              Erth           15%        N/A       12%         3
c - Stone Arrow           Conj/Erth      30%        3d8       21%         3

Your spell library contained the following spells:

 Spells                   Type           Power      Damage    Failure   Level
 Brom's Barrelling Bould  Conj/Erth      15%        2d4       54%         4
 Petrify                  Alch/Erth      8%         N/A       63%         4


Dungeon Overview and Level Annotations

Branches:
Dungeon (3/15)

Altars:
Sif Muna


Innate Abilities, Weirdness & Mutations

You sometimes gain power by taking damage.


Message History

The ufetubus hits you. The endoplasm hits you.
Unknown command.
The ufetubus closely misses you. The ufetubus hits you.
* * * LOW HITPOINT WARNING * * *
The endoplasm attacks as it pursues you!
The endoplasm barely misses you. The ufetubus misses you.
The ufetubus barely misses you. x3
The ufetubus hits you.
* * * LOW HITPOINT WARNING * * *
The ufetubus barely misses you.
It was a potion of enlightenment.
You feel more buoyant. The ufetubus slips past you!
The ufetubus barely misses you. The ufetubus hits you.
* * * LOW HITPOINT WARNING * * *
The adder bites you.
* * * LOW HITPOINT WARNING * * *
It was a potion of curing.
You feel better. The ufetubus misses you. The ufetubus hits you.
The adder bites you but does no damage. The endoplasm hits you.
* * * LOW HITPOINT WARNING * * *
The ufetubus barely misses you. The ufetubus misses you.
You feel better. The adder completely misses you. The ufetubus hits you.
The ufetubus barely misses you. The endoplasm freezes you.
You are frozen.
* * * LOW HITPOINT WARNING * * *
Unknown command.
The ufetubus misses you. The ufetubus barely misses you.
The adder barely misses you. The ufetubus closely misses you. x2
The ufetubus hits you.
* * * LOW HITPOINT WARNING * * *
The ufetubus barely misses you.
Unknown command.
The ufetubus closely misses you. x2
There is a stone staircase leading up here.
The ufetubus hits you.
* * * LOW HITPOINT WARNING * * *
The ufetubus hits you.
You die...

#..# ...# #..# ######..####
...## #..........# ##. ..
....####..).......# ##.. ...
#.................###... #...
#.#..##.)............... .....
#.##.##...............###....#
#..#................#......#
##.#..###.##.##.@#..#......#
.#..# #.##.##.5#..w......#
#.## #..#.###.SJ#..........
.[# ##...# #...##.......>.
...# #..# #.#.........###
..... ##.. #.##........#
####.# #.. ..............
#.......?.##...##.. ?........
.#.# ##


You could see an adder and an ufetubus.

Vanquished Creatures
  An orc priest (D:3)
  An adder (D:2)
  An ufetubus (D:3)
  2 dart slugs (D:1)
  2 ribbon worms (D:2)
  4 orcs
  5 bats
  2 endoplasms
  6 giant cockroaches
  2 hobgoblins (D:1)
  4 kobolds
  3 ball pythons
  3 frilled lizards
  7 goblins
  6 rats
49 creatures vanquished.

Notes
Turn   | Place    | Note
-------+----------+-------------------------------------------
     0 | D:1      | Atlas the Demonspawn Earth Elementalist began the quest for
                  | the Orb.
     0 | D:1      | Reached XP level 1. HP: 13/13 MP: 3/3
   279 | D:1      | Gained mutation: You sometimes gain a little power by
                  | taking damage. [demonic ancestry]
   279 | D:1      | Reached XP level 2. HP: 9/19 MP: 1/5
  1015 | D:1      | Gained mutation: You sometimes gain power by taking damage.
                  | [demonic ancestry]
  1015 | D:1      | Reached XP level 3. HP: 23/24 MP: 3/6
  1019 | D:1      | Learned a level 3 spell: Passwall
  1334 | D:2      | Found a shimmering blue altar of Sif Muna.
  1829 | D:2      | Identified the +4 sling of Tentacled Tender Mercy {heavy,
                  | rF- Str+3 Dex+3}
  2070 | D:2      | Learned a level 3 spell: Stone Arrow
  2155 | D:3      | Reached XP level 4. HP: 30/30 MP: 6/8
  2322 | D:3      | Slain by an ufetubus

Illustrated notes

Levels and vault maps discovered:
D:1:      lightli_arrival_boilingwater, layout_loops_corners, minmay_ruptured
D:2:      layout_basic, basic_altar
D:3:      layout_rooms, serial_shops, shop

Skill      XL: |  1  2  3  4 |
---------------+-------------+-----
Stealth        | 2 |  2.2
Earth Magic    | 3 |  3.6
Dodging        | 2 |  2.2
Spellcasting   | 3 |  3.0
Short Blades   | |  0.2
Polearms       | |  0.3
Conjurations   | |  1.0

Action                     |  1- 3 |  4- 6 || total
---------------------------+-------+-------++-------
  Melee: Spear             |    12 |       ||    12
         Unarmed           |     1 |       ||     1
         Dagger            |     3 |       ||     3
         Staff             |       |     1 ||     1
   Cast: Sandblast         |    66 |    13 ||    79
    Use: Potion            |       |     3 ||     3
 Armour: Robe              |    24 |    19 ||    43
  Dodge: Dodged            |    34 |    34 ||    68

Table legend: (Time is in decaauts)
 A = Elapsed time spent in this place.
 B = Non-inter-level travel time spent in this place.
 C = Inter-level travel time spent in this place.
 D = Time resting spent in this place.
 E = Time spent auto-exploring this place.
 F = Levels seen in this place.
 G = Mean time per level.
                   A        B        C        D        E       F      G
               +--------+--------+--------+--------+--------+-----+--------+
         Total |   2367 |   2333 |     34 |      0 |   1956 |   3 |  789.0 |
       Dungeon |   2367 |   2333 |     34 |      0 |   1956 |   3 |  789.0 |
               +--------+--------+--------+--------+--------+-----+--------+

Top non-repeatable levels by time:
     D:1: 1197 daAuts
     D:2: 1002 daAuts
     D:3: 167 daAuts
